 Dungeon Crawl Stone Soup version 0.17.0-9-g801d43b (webtiles) character file.

320 Laguna the Digger (level 6, 0/32 HPs)
             Began as a Gargoyle Earth Elementalist on Nov 8, 2015.
             Slain by an orc priest
             ... wielding a +0 war axe
              (4 damage)
             ... on level 4 of the Dungeon on Nov 9, 2015.
             The game lasted 00:34:25 (3844 turns).

Laguna the Digger (Gargoyle Earth Elementalist)     Turns: 3844, Time: 00:34:25

Health: 0/32       AC:  6    Str: 11    XL:     6   Next: 46%
Magic:  4/13       EV:  7    Int: 18    God:
Gold:   304        SH:  0    Dex: 10    Spells: 3 memorised, 8 levels left

rFire  . . .     SeeInvis .     a - 102 stones
rCold  . . .     Clarity  .     o - +0 robe
rNeg   + + .     SustAt   .     (no shield)
rPois  ∞         Gourm    .     (no helmet)
rElec  +         Spirit   .     (no cloak)
rCorr  .         Warding  +     (no gloves)
rMut   .         Stasis   .     (no boots)
MR     .....                    v - amulet of warding
Stlth  ++........               (no ring)
                                n - +2 ring of slaying

@: not resistant to hostile enchantments, unstealthy
A: negative energy resistance 1, electricity resistance, unbreathing,
petrification resistance, rot immunity, AC +4
a: no special abilities


You were on level 4 of the Dungeon.
You were very hungry.

You visited 1 branch of the dungeon, and saw 4 of its levels.

You collected 304 gold pieces.

Inventory:

Hand Weapons
 p - a +0 dagger
 q - a +0 flail
Missiles
 a - 102 stones (in hand)
Armour
 b - a +0 robe
 o - a +0 robe (worn)
Jewellery
 n - a +2 ring of slaying (left hand)
 v - an amulet of warding (around neck)
 w - a cursed -2 ring of intelligence {unknown}
Scrolls
 f - 5 scrolls of identify
 h - 2 scrolls of teleportation
 i - a scroll of fog {unknown}
 j - a scroll of random uselessness
 k - a scroll of remove curse
 s - a scroll of blinking {unknown}
 u - a scroll of noise {unknown}
 x - a scroll of immolation {unknown}
Potions
 e - 2 potions of flight
 l - a potion of resistance {unknown}
 m - 2 potions of heal wounds
Books
 c - a book of Geomancy

   Spells                             Type                      Level
   a - Sandblast                      Earth                        1
   b - Stoneskin                      Transmutation/Earth          2
   c - Passwall                       Transmutation/Earth          3
   d - Stone Arrow                    Conjuration/Earth            3
   e - Petrify                        Transmutation/Earth          4
   f - Lee's Rapid Deconstruction     Earth                        5
Comestibles
 d - 2 bread rations
 g - 3 meat rations
 r - a slice of pizza
 t - 4 fruits


   Skills:
 - Level 1.5 Dodging
 - Level 2.1 Stealth
 * Level 4.9 Spellcasting
 + Level 2.2 Conjurations
 - Level 0.7 Transmutations
 + Level 5.2 Earth Magic


You had 8 spell levels left.
You knew the following spells:

 Your Spells              Type           Power        Failure   Level  Hunger
a - Sandblast             Erth           ###...       1%          1    None
b - Stoneskin             Trmt/Erth      ###.....     8%          2    #......
c - Stone Arrow           Conj/Erth      ###...       10%         3    ###....


Dungeon Overview and Level Annotations

Branches:
Dungeon (4/15)
 Temple: D:4-7

Altars:


Innate Abilities, Weirdness & Mutations

You are resistant to torment.
Your stone body is resilient (AC +4).
You are immune to poison.
You resist negative energy.
You are resistant to electric shocks.
You can survive without breathing.
You are immune to petrification.
You are immune to rotting.


Message History

The phantom is moderately damaged.
The phantom hits you but does no damage.
Casting: Sandblast
Confirm with . or Enter, or press ? or * to list all spells.
Aiming: Sandblast
Press: ? - help, Shift-Dir - straight line, f/p - phantom
Aim: a phantom (moderately damaged)
The rocky blast hits the phantom.
The phantom is severely damaged.
The phantom hits you.
The phantom blinks!
The orc priest hits you with a war axe.
* * * LOW HITPOINT WARNING * * *
The phantom blinks!
The phantom blinks!
The phantom hits you.
* * * LOW HITPOINT WARNING * * *
The phantom blinks!
There is a stone staircase leading up here.
The orc priest hits you with a war axe.
You die...

## ### . ..# #####.#
#.# ...#.
#.############ ...
#.#......>...### #.#
#.#.##.........#
######.#####
#.#.##.#####.#.#
#..)...)...###.#.##.#
#.#.#
%..###.#.....#.#@##.#
###.#.# ...#
#.#.......o.##.#
#...#.# #..#
#.#.........##.#
#.###.#
...###.#........###.#
#.# #.#
.#.##..........##
#.###.###.#
+#.##...>..#####
#.........#
+.##......#
#####.#####
#.#####...# #.# #...#
#.#


You could see an orc priest.

Vanquished Creatures
  A sky beast (D:3)
  2 orc wizards
  A worker ant (D:4)
  6 adders
  4 worms
  14 orcs
  4 giant cockroaches
  4 hobgoblins
  6 kobolds
  6 bats
  5 giant newts
  6 goblins
  A jackal skeleton (D:4)
  3 quokkas
  10 rats
73 creatures vanquished.

Notes
Turn   | Place    | Note
--------------------------------------------------------------
     0 | D:1      | Laguna the Gargoyle Earth Elementalist began the quest for the Orb.
     0 | D:1      | Reached XP level 1. HP: 10/10 MP: 3/3
   338 | D:1      | Reached XP level 2. HP: 15/15 MP: 0/5
   846 | D:2      | Reached skill level 4 in Earth Magic
   846 | D:2      | Reached XP level 3. HP: 7/19 MP: 1/7
  1045 | D:2      | Learned a level 2 spell: Stoneskin
  1049 | D:2      | Learned a level 3 spell: Stone Arrow
  1702 | D:2      | Reached XP level 4. HP: 20/24 MP: 9/9
  2141 | D:2      | Upgraded the game from 0.17.0-7-gfadd4cc to 0.17.0-9-g801d43b
  2754 | D:3      | Reached XP level 5. HP: 26/28 MP: 7/11
  2908 | D:3      | Noticed a sky beast
  2911 | D:3      | Reached skill level 1 in Conjurations
  2975 | D:3      | Killed a sky beast
  2975 | D:3      | Reached skill level 5 in Earth Magic
  2975 | D:3      | Reached XP level 6. HP: 11/32 MP: 1/12
  3844 | D:4      | Slain by an orc priest

Action                   |  1- 3 |  4- 6 || total
-------------------------+-------+-------++-------
Melee: Whip              |    43 |       ||    43
       Unarmed           |     3 |       ||     3
       Dagger            |     6 |    14 ||    20
       Flail             |       |    19 ||    19
Throw: Stone             |     2 |     4 ||     6
 Cast: Sandblast         |    57 |    86 ||   143
  Use: Scroll            |     1 |     4 ||     5
  Eat: Bread ration      |     1 |       ||     1
       Chunk             |       |     4 ||     4
